[Event "Uruguayan Championship 2022"]
[Site "Montevideo"]
[Date "2022.04.13"]
[Round "6.1"]
[White "Diaz Hollemaert, Nahuel"]
[Black "Hoffman, Alejandro"]
[Result "0-1"]
[ECO "D37"]
[WhiteElo "2439"]
[BlackElo "2403"]
[Annotator "TA"]
[PlyCount "52"]
[EventDate "2022.04.08"]
[EventType "tourn"]
[EventCountry "URU"]
[SourceTitle "playchess.com"]
[Source "ChessBase"]
[SourceQuality "1"]
[TimeControl "40/5400+30:1800+30"]

1. Nf3 Nf6 2. c4 e6 3. Nc3 d5 4. d4 Be7 5. Bf4 O-O 6. e3 c5 7. dxc5 Bxc5 8. Qc2 Nc6 9. a3 {[%emt 0:00:31] 9.Rd1 deserves study.} Qa5 10. O-O-O Bd7 11. Kb1 {[%emt 0:24:07][%cal Rc4d5] D37: Queen's Gambit Declined: 5 Bf4.} Be7 12. g4 {[%emt 0:09:29] g5 is the strong threat.} dxc4 13. Bxc4 {[%emt 0:00:35] Strongly threatening g5. White is slightly better.} Rfd8 {[%emt 0:01:43] [#]} 14. h3 $146 ({Predecessor:} 14. Nd2) 14... Rac8 (14... Qc5 $11 15. Bd3 h6) 15. Qb3 (15. g5 $14 Nh5 16. Bd6) 15... Be8 16. Be2 (16. Qxb7 $2 Rb8 $1 17. Bxb8 Rxb8 $19) 16... Nd7 17. Nd2 (17. Qxb7 e5 18. Bg3 Rb8 19. Qxc6 Rdc8 20. Qxc8 (20. Nxe5 $2 Nxe5 21. Qxc8 Rxc8 $19) 20... Rxc8 $17) 17... Nc5 18. Qc2 {[%emt 0:00:16] Black must now prevent Nc4.} e5 $36 {[%emt 0:02:20][%mdl 2048] Black has good play.} 19. Nc4 Qc7 $15 20. Bh2 f6 {[%emt 0:00:23] aiming for ...Bg6.} 21. f4 Bg6 (21... b5 $1 $15 22. Nxb5 Qb8) 22. f5 Bf7 23. Rxd8+ Rxd8 24. b4 {[%emt 0:01:51] [#]} (24. Rd1 $11 {remains equal.}) 24... Nd7 (24... b5 $1 $17 25. Nd2 (25. Nxb5 Qb7 $17) 25... Qb6 26. bxc5 Bxc5) 25. Rd1 $11 Nb6 (25... Nxb4 $2 26. axb4 Nb6 27. Nxb6 Qxb6 28. Rxd8+ Qxd8 29. b5 $18) 26. Nb5 {[%emt 0:00:56] [#]} Nxc4 $1 {[%emt 0:00:47] Weighted Error Value: White=0.23 (precise) /Black=0.25 (precise)} 0-1

[Event "Uruguayan Championship 2022"]
[Site "Montevideo"]
[Date "2022.04.13"]
[Round "6.2"]
[White "Vaz Lacuesta, Leonardo"]
[Black "Coppola, Claudio"]
[Result "1-0"]
[ECO "B00"]
[WhiteElo "2018"]
[BlackElo "2285"]
[Annotator "TA"]
[PlyCount "81"]
[EventDate "2022.04.08"]
[EventType "tourn"]
[EventCountry "URU"]
[SourceTitle "playchess.com"]
[Source "ChessBase"]
[SourceQuality "1"]
[TimeControl "40/5400+30:1800+30"]

1. e4 b6 2. Nc3 Bb7 3. g3 g6 4. Bg2 Bg7 5. Nge2 e6 6. O-O {[%emt 0:01:45] B00: Queen's Fianchetto Defence, Nimzowitsch Defence.} Ne7 7. d3 d6 8. Be3 {[%emt 0:06:17] The position is equal.} Nd7 9. Qd2 h6 {[%emt 0:00:22] [#]} 10. a4 $146 ({Predecessor:} 10. Rab1 a6 11. a3 Kf8 12. f4 Kg8 13. Qd1 Rb8 14. Bd4 c5 15. Bxg7 Kxg7 16. Qd2 {½-½ (49) Flores Ramirez,X-Goncalves,I Bento Goncalves 2010}) 10... a6 (10... Ne5 $11) 11. Rab1 c5 12. Rfe1 Rc8 13. f4 ({Better is} 13. d4 $14) 13... Nc6 14. Rf1 Nd4 {[%emt 0:01:29] Prevents f5.} 15. Nd1 O-O 16. Nc1 f5 17. c3 Nc6 18. Nf2 Nf6 19. Ne2 a5 20. d4 cxd4 21. Nxd4 Nxd4 22. Bxd4 e5 ({But not} 22... fxe4 23. Bxf6 Rxf6 24. Nxe4 Bxe4 25. Bxe4 $14) 23. Be3 exf4 24. gxf4 (24. Bxf4 $14 {keeps the upper hand.} fxe4 25. Bxh6) 24... fxe4 $17 ({Of course not} 24... Nxe4 $6 25. Nxe4 fxe4 26. Bh3 $11) 25. Bh3 Rb8 (25... Rc6 $17 26. Be6+ Kh8) 26. Rbd1 d5 27. Ng4 Nxg4 28. Bxg4 Ba6 (28... Qe7 $17) 29. Be2 (29. Rf2 $11 {keeps the balance.}) 29... Bxe2 30. Qxe2 Rf5 31. Rf2 Qe8 32. Rg2 Kh7 33. Qc2 (33. Qb5 $17) 33... b5 34. axb5 Qxb5 ({Not} 34... Rxb5 35. Kh1 $17) 35. Kh1 Rc8 36. Rdg1 Rc6 {[%emt 0:00:02][%cal Od5d4] Hoping for ...d4!} 37. Qf2 Qd3 38. Rg3 Qa6 39. Qg2 Re6 $2 (39... a4 $19 {aiming for ...a3.} 40. Qh3 Qc8) 40. Qh3 $1 $11 Rh5 {[%emt 0:00:42][%mdl 8192] [#]} (40... Bh8 $11) 41. Qxh5 $3 {[%mdl 576] Pin.  Weighted Error Value: White=0.28 (precise) /Black=0.22 (precise)} 1-0

[Event "Uruguayan Championship 2022"]
[Site "Montevideo"]
[Date "2022.04.13"]
[Round "6.3"]
[White "Vazquez, Facundo"]
[Black "Carbone, Diego"]
[Result "1/2-1/2"]
[ECO "D97"]
[WhiteElo "2319"]
[BlackElo "2272"]
[Annotator "TA"]
[PlyCount "71"]
[EventDate "2022.04.08"]
[EventType "tourn"]
[EventCountry "URU"]
[SourceTitle "playchess.com"]
[Source "ChessBase"]
[SourceQuality "1"]
[TimeControl "40/5400+30:1800+30"]

1. d4 Nf6 2. c4 g6 3. Nc3 d5 4. Nf3 Bg7 5. Qb3 dxc4 6. Qxc4 O-O 7. e4 Nc6 8. Be2 e5 $1 {[%emt 0:01:52][%cal Re5d4][%mdl 4] is currently scoring better than 8...Bg4. D97: Grünfeld: Russian System: 7 e4, replies other than 7...Bg4.} 9. d5 (9. Nxe5 Nxd4 10. O-O Nxe4 $1 11. Nxe4 Be6 $17) 9... Nd4 10. Nxd4 exd4 {[%emt 0:00:07] White is slightly better.} 11. Qxd4 c6 $1 12. Qc4 b5 13. Qxc6 Bd7 14. Qd6 Re8 15. e5 Ng4 16. e6 fxe6 17. h3 ({Don't play} 17. Bxg4 exd5+ 18. Be2 Bxc3+ 19. bxc3 {[#]} Rxe2+ $1 20. Kf1 Re8 $15) ({Not} 17. Nxb5 $2 Be5 $1 18. Qa6 exd5 19. Bxg4 Bxb2+ 20. Be3 Bxa1 $19) 17... Ne5 18. dxe6 Bxe6 19. Qxd8 ({Much worse is} 19. Nxb5 Bc4 20. Qxd8 Raxd8 $17) 19... Raxd8 20. Bxb5 Bc4 $1 {[%emt 0:00:44][%cal Re5f3] [#]} 21. Be3 $146 (21. Bxe8 $11 {and White stays safe.} Nd3+ 22. Ke2 Rxe8+ 23. Be3) ({Predecessor:} 21. Bxe8 Nd3+ 22. Kf1 Bxc3 23. bxc3 Nxc1+ 24. Kg1 Ne2+ 25. Kh2 Rxe8 26. Rhe1 Bf7 27. c4 Bxc4 {½-½ (36) Yu,Y (2763)-Vachier Lagrave,M (2774) Khanty-Mansiysk 2019}) 21... Nd3+ $19 22. Ke2 Nxb2+ {[%emt 0:15:41][%mdl 64] Discovered Attack} 23. Bxc4+ Nxc4 24. Rac1 Rd2+ 25. Ke1 Bxc3 (25... Rb2 $17 26. Nd5 Nxe3 27. fxe3 Rxa2) 26. Rxc3 $15 {[%emt 0:00:07] [#]} Rxa2 $1 27. Rxc4 {[%emt 0:00:18] Hoping for Rd4.} Ra1+ 28. Kd2 Rd8+ 29. Ke2 $1 Rxh1 30. Bxa7 {[%emt 0:00:07][%mdl 4096] Endgame KRR-KRB} Rhd1 31. Be3 R1d5 32. h4 Kg7 33. g3 R8d7 34. Kf3 Rf5+ 35. Kg2 Rfd5 36. Kf3 $1 {[%emt 0:00:09] Weighted Error Value: White=0.12 (very precise) /Black=0.06 (flawless)} 1/2-1/2

[Event "Uruguayan Championship 2022"]
[Site "Montevideo"]
[Date "2022.04.13"]
[Round "6.4"]
[White "Carvalho, Guillermo"]
[Black "Roselli Mailhe, Bernardo"]
[Result "1/2-1/2"]
[ECO "A10"]
[WhiteElo "2171"]
[BlackElo "2426"]
[Annotator "TA"]
[PlyCount "63"]
[EventDate "2022.04.08"]
[EventType "tourn"]
[EventCountry "URU"]
[SourceTitle "playchess.com"]
[Source "ChessBase"]
[SourceQuality "1"]
[TimeControl "40/5400+30:1800+30"]

1. c4 g6 2. Nc3 Bg7 3. g3 d6 4. Bg2 e5 5. e4 Nf6 6. Nge2 O-O 7. d3 c6 8. O-O a6 9. a4 a5 10. h3 Na6 11. Be3 {[%emt 0:01:20] A24: English Opening vs King's Indian: Lines without ...Nc6.} Nc5 {[%emt 0:13:15] [#]} 12. Qc2 $146 ({Predecessor:} 12. f4 Nfd7 13. f5 Qb6 14. Rb1 Qb3 15. Qd2 Ra6 16. g4 Nxa4 17. Nc1 Qb4 18. N1a2 Qb3 {1-0 (54) Rakhmanov,A (2654)-Paunovic,D (2439) Llucmajor 2016}) 12... Qe7 13. Rad1 {[%emt 0:02:17] The position is equal.} Ne8 14. Rfe1 Nc7 15. d4 exd4 16. Bxd4 Be6 17. Bxg7 Kxg7 18. b3 Rad8 19. f4 Bc8 20. Nd4 (20. Qd2 {seems wilder.} N7a6 21. Na2 Qc7 22. Nd4) 20... Rfe8 21. Re2 Kg8 22. Qd2 Qf6 23. Re3 N7e6 (23... Qe7 $11 {keeps the balance.}) 24. Nce2 $16 h5 (24... Nxd4 $14 25. Nxd4 g5) 25. Qxa5 Nxd4 26. Rxd4 Ne6 27. Rd1 h4 28. Qc3 {[%emt 0:00:51] &Bianco is more active.} (28. Qd2 $16) 28... Qxc3 $14 29. Rxc3 (29. Nxc3 $5 hxg3 30. Ne2 $16) 29... hxg3 (29... Nc5 $11) 30. b4 {[%emt 0:02:49] White is better.} ({Don't do} 30. Rxg3 Nc5 $14) 30... Kf8 31. Rxg3 Ke7 32. a5 {[%emt 0:02:05] Weighted Error Value: White=0.09 (flawless) /Black=0.16 (very precise)} 1/2-1/2

[Event "Uruguayan Championship 2022"]
[Site "Montevideo"]
[Date "2022.04.13"]
[Round "6.5"]
[White "Granara Barreto, Sebastian"]
[Black "Lopez Azambuja, Nicolas"]
[Result "1-0"]
[ECO "C15"]
[WhiteElo "2131"]
[BlackElo "2318"]
[Annotator "TA"]
[PlyCount "61"]
[EventDate "2022.04.08"]
[EventType "tourn"]
[EventCountry "URU"]
[SourceTitle "playchess.com"]
[Source "ChessBase"]
[SourceQuality "1"]
[TimeControl "40/5400+30:1800+30"]

1. e4 e6 2. d4 d5 3. Nc3 Bb4 4. Nge2 Nf6 5. e5 Nfd7 6. a3 Be7 7. Be3 {[%emt 0:02:25] C15: French: 3 Nc3 Bb4: Unusual White 4th moves.} a6 8. f4 c5 9. Qd2 {[%emt 0:04:21] White has an edge.} Nc6 10. dxc5 Nxc5 11. Nd4 Qc7 {[%emt 0:03:30] [#]} 12. b4 $146 ({Predecessor:} 12. g3 Bd7 13. Bg2 f6 14. exf6 gxf6 15. O-O f5 16. Nxf5 exf5 17. Nxd5 Qd6 18. Qc3 {1-0 (27) Mikaelyan,A (2483)-Mammadova,G (2382) Chess.com INT 2020}) 12... Nd7 13. Bd3 Nxd4 14. Bxd4 Nb6 15. O-O Bd7 16. Nd1 (16. f5 $16) 16... a5 17. Ne3 axb4 18. axb4 {[%emt 0:03:39] aiming for Bxb6.} Rxa1 19. Rxa1 O-O 20. Rf1 (20. Ng4 $16) 20... Nc4 $14 21. Bxc4 dxc4 22. f5 Bg5 ({Black should play} 22... f6 $14) 23. f6 $1 $16 {[%emt 0:08:48][%cal Oh2h4] Hoping for h4!} g6 ({Better is} 23... Bc6) 24. Qf2 {[%emt 0:01:39] &Bianco is more active.} Kh8 {[%emt 0:01:11] [#]} 25. Ng4 $1 {[%emt 0:00:54] Threatens to win with h4.} c3 26. Be3 Bxe3 27. Qxe3 Ba4 28. Rf3 $40 {[%emt 0:05:56][%mdl 128] Qh6 would kill now. White wants a kill.} Qd8 {[%emt 0:03:37] [#]} (28... Qd7 $142 29. Nf2 (29. Qxc3 Rc8 $16) (29. Qh6 Qd1+ 30. Rf1 Qd4+ 31. Ne3 Rg8 $16) 29... Rg8) 29. Nf2 $1 $18 {[%emt 0:01:13] White threatens Qh6 and mate.} ({Weaker is} 29. Qxc3 Qd1+ 30. Kf2 Bc6 $16) 29... Bxc2 $2 ({Less strong is} 29... Qd2 30. Ne4 Qxe3+ 31. Rxe3 $16) (29... g5 $18 30. Qxc3 (30. Qxg5 Rg8 $16) 30... Qb6) 30. Qh6 Rg8 {[%emt 0:00:08] [#]} 31. Qxh7+ $1 {[%emt 0:00:06][%mdl 576] Decoy.  Weighted Error Value: White=0.07 (flawless) /Black=0.49} 1-0

[Event "Uruguayan Championship 2022"]
[Site "Montevideo"]
[Date "2022.04.13"]
[Round "6.6"]
[White "Palacio, Enzo"]
[Black "Rodi, Luis Ernesto"]
[Result "0-1"]
[ECO "B15"]
[WhiteElo "1896"]
[BlackElo "2347"]
[Annotator "TA"]
[PlyCount "200"]
[EventDate "2022.04.08"]
[EventType "tourn"]
[EventCountry "URU"]
[SourceTitle "playchess.com"]
[Source "ChessBase"]
[SourceQuality "1"]
[TimeControl "40/5400+30:1800+30"]

1. e4 c6 2. d4 d5 3. Nc3 dxe4 4. Nxe4 Nf6 5. Nxf6+ exf6 6. c3 Bd6 7. Bd3 O-O 8. Qc2 Re8+ {[%emt 0:00:07] B15: Caro-Kann: 3 Nc3: 3...g6 and 3...dxe4 4 Nxe4 Nf6 5 Nxf6+ exf6.} 9. Ne2 h5 10. O-O h4 {[%emt 0:00:07] White has an edge.} 11. h3 Nd7 12. Be3 Nf8 13. Qd2 Ne6 {[%emt 0:05:40] [#]} 14. f4 $146 ({Predecessor:} 14. c4 Bc7 15. Nf4 Ng5 16. Rad1 Bd7 17. d5 Qc8 18. dxc6 Bxc6 19. Nd5 Nxh3+ 20. gxh3 Qxh3 21. Rfe1 Bh2+ 22. Kh1 Bg3+ 23. Kg1 Bh2+ 24. Kh1 Bg3+ 25. Kg1 Bh2+ {½-½ (25) Kopylov,D (2303)-Schulze,T (2280) Magdeburg 2021}) 14... Qe7 15. Rf3 c5 16. d5 Nc7 17. c4 f5 18. Bf2 Qf6 19. Rb1 Bd7 20. Qe1 Be7 21. Re3 b6 22. Kh1 Qh6 23. Qd2 Bd6 24. Rf1 Rxe3 25. Bxe3 Ne8 $1 26. Ng1 Nf6 27. Nf3 (27. Ra1 $11) 27... Nh5 $1 $17 (27... Ne4 $6 28. Bxe4 fxe4 29. Ne5 $11) 28. Rf2 (28. Re1 $15) 28... f6 (28... Bxf4 $17 29. Bxf4 Qxf4) 29. Ng1 (29. Nh2 $11) 29... Ng3+ 30. Kh2 Re8 (30... g5 $5) 31. Ne2 Qg6 32. Rf3 Ne4 33. Bxe4 fxe4 34. Rf1 f5 (34... Rd8 {is more complex.} 35. Nc3 f5 36. a4 Be7) 35. Kh1 Qh5 36. b3 Kh7 37. Qe1 Be7 38. Qd2 Qh6 39. a4 a5 40. Rf2 Rg8 41. Rf1 Be8 42. Qc2 Bf6 43. Rf2 g6 44. Qd2 Qg7 45. Rf1 Bd7 46. Rf2 Qe7 47. Rf1 Re8 48. Rf2 Qd6 49. Kg1 Kg7 50. Rf1 Kf7 51. Kf2 Rg8 52. Kg1 Ke8 53. Kh1 Kd8 54. Nc3 Kc8 55. Ne2 Bd8 56. Kg1 Kb7 57. Rf2 Bc7 58. Kf1 Rf8 59. Ke1 Qf6 60. Qc3 Qxc3+ 61. Nxc3 g5 (61... Rg8 $11) 62. Ne2 ({White should play} 62. fxg5 $14 Bg3 63. Bf4 Bxf2+ 64. Kxf2) 62... g4 $11 63. Rf1 Bd8 64. Kf2 (64. Rh1 $11 {deserves consideration.}) 64... Rg8 65. Rh1 Bf6 66. Kf1 Be8 67. Bf2 Rh8 (67... g3 $5 68. Be3 b5 69. axb5 Bh5 $17) 68. Ke1 Bh5 (68... g3 $15 69. Be3 Bh5) 69. Kd2 (69. hxg4 $11 Bxg4 70. Kd2) 69... Kc7 ({Better is} 69... g3 $15 70. Be3 Rd8) 70. Ke3 (70. hxg4 $11 Bxg4 71. Be1) 70... Bg6 (70... g3 $15 71. Be1 Bxe2 72. Kxe2 Kd6) 71. Be1 ({But not} 71. hxg4 fxg4 72. Be1 h3 73. gxh3 Rxh3+ 74. Rxh3 gxh3 $17) 71... Rh7 72. Rh2 Bh5 (72... g3 $5 73. Rh1 Bh8 $11) 73. Rh1 (73. Bc3 $11 Bxc3 74. Nxc3) 73... gxh3 $15 74. Rxh3 Rg7 75. g3 $2 (75. Rh2 $17 {nothing else works.}) 75... Bg4 $2 (75... Kd7 $19 {And now ...Bg4 would win.} 76. Rh2 Bxe2 77. Kxe2 hxg3) 76. Rh2 $17 Bxe2 77. Kxe2 hxg3 {[%emt 0:00:05][%mdl 4096] Endgame KRB-KRB} 78. Rg2 {[%emt 0:00:02] [#]} Bh4 $1 {[%emt 0:00:13] &Nero is more active.} 79. Kf1 $2 (79. Bc3 $17 Rg4 80. Be1) 79... Rg4 $19 80. Bd2 Bf6 81. Ke2 $2 (81. Be1 Rxf4+ 82. Ke2) 81... Kd7 82. Be1 Bh4 83. Ke3 Ke7 84. Bc3 Rg6 85. Ke2 Kf7 86. Kf1 {[%emt 0:00:21] [#]} Rg4 $1 87. Be5 Bf6 {[%emt 0:01:57] aiming for ...Bxe5.} 88. Bc7 Bd4 89. d6 (89. Ke2 $142 Bf2 90. Rxf2 (90. Bxb6 $2 Rxf4 91. Bxa5 Rf3 $19)) 89... Ke6 90. Ke2 Bf2 91. Bb8 Kd7 92. Bc7 Rxf4 93. Bxb6 Rf3 94. Bxa5 Rxb3 95. Bd2 e3 96. Be1 Bxe1 {[%emt 0:01:20] Black mates.} 97. Kxe1 Rb1+ 98. Ke2 Rb2+ 99. Kf1 Rxg2 100. Kxg2 e2 {[%emt 0:00:07] Weighted Error Value: White=0.12 (very precise) /Black=0.08 (flawless)} 0-1

[Event "Uruguayan Championship 2022"]
[Site "Montevideo"]
[Date "2022.04.14"]
[Round "7.1"]
[White "Rodi, Luis Ernesto"]
[Black "Diaz Hollemaert, Nahuel"]
[Result "1-0"]
[ECO "B23"]
[WhiteElo "2347"]
[BlackElo "2439"]
[Annotator "TA"]
[PlyCount "105"]
[EventDate "2022.04.08"]
[EventType "tourn"]
[EventCountry "URU"]
[SourceTitle "playchess.com"]
[Source "ChessBase"]
[SourceQuality "1"]
[TimeControl "40/5400+30:1800+30"]

1. e4 c5 2. Nc3 a6 3. g3 b5 4. Bg2 Bb7 5. Nge2 Nf6 6. d4 cxd4 7. Nxd4 e6 8. O-O d6 (8... b4 $11 {keeps the balance.} 9. e5 Bxg2 10. Kxg2 bxc3 11. exf6 Qxf6) 9. Re1 $16 {[%emt 0:00:17] Hoping for e5. B91: Sicilian Najdorf: 6 g3.} Qc8 10. a4 bxa4 {[%emt 0:04:38] [#]} (10... Be7 $16) 11. Rxa4 $146 {[%emt 0:10:05] White is clearly better.} ({Predecessor:} 11. Nxa4 Nbd7 12. Nb3 Rb8 13. Na5 Ba8 14. b3 Rb5 15. Nc4 Bxe4 16. Bxe4 Nxe4 17. Rxe4 {1-0 (28) Gruenfeld,Y (2535)-Har Zvi,R (2505) Biel 1993}) 11... Be7 (11... h6 $142 12. Rb4 Ng8) 12. Rb4 $1 Nfd7 $2 {[%emt 0:06:17] [#]} (12... Ra7 {keeps fighting.} 13. Be3 a5) 13. Qg4 $2 (13. Rxb7 $1 $18 Qxb7 14. Nf5) 13... h5 $16 {[%emt 0:15:55] [#]} 14. Qe2 {[%emt 0:01:27] &Bianco is much more active.} (14. Qxg7 $6 Bf6 15. Nf5 Bxg7 $11) (14. Qd1 $1 $16) 14... Nc5 {[%emt 0:03:24] [#]} ({Better is} 14... Nc6 $14 15. Nxc6 Bxc6) 15. Nd5 $1 $18 Nbd7 16. Nxe7 Kxe7 17. e5 $36 {[%emt 0:14:47][%mdl 2048] White is on the roll.} d5 $2 {[%emt 0:00:53] A mistake that costs the game.} (17... Nxe5 $16 18. Bg5+ Kf8) 18. Bg5+ Kf8 19. c4 a5 20. Rb5 Ne4 21. Bf4 (21. Bxe4 dxe4 22. Ra1 Kg8 $16) 21... Ba6 22. cxd5 exd5 23. e6 (23. Rc1 Qe8 24. Qd1 Nxe5 25. Rxa5 Nxf2 26. Kxf2 Nd3+ 27. Kg1 Nxc1 28. Qxc1 Bb7 $18) 23... Ndf6 24. f3 ({Don't do} 24. Bxe4 Nxe4 25. f3 Bxb5 26. Qxb5 (26. e7+ Kg8 $16) 26... Nf6 $18) 24... Bxb5 25. Qxb5 ({Not} 25. e7+ Kg8 26. Qxb5 Qc5 $18) 25... Qc5 26. Qxc5+ {[%emt 0:02:04][%mdl 64] Remove Defender, Deflection} Nxc5 27. Bd6+ Kg8 28. Bxc5 fxe6 29. Rxe6 Rc8 30. Ba3 Kh7 31. Bf1 {[%emt 0:00:23] And now Bd3+ would win.} Rc1 32. Kf2 {[%emt 0:00:09] aiming for Bd3+.} Rd1 {[%emt 0:00:55] Against Bd3+} 33. Nc6 Rc8 34. Be2 Rh1 35. Kg2 Rc1 36. Bd3+ Kh8 37. Ne7 Rb8 38. Re5 Rd1 39. Bg6 Rd2+ 40. Kh3 h4 41. gxh4 Rb3 42. Kg3 a4 (42... Rb6 $142 43. Bf7 Rd1 44. Nxd5 Rb5) 43. Re6 {[%emt 0:00:00] White is clearly winning.} Rd4 44. Kf2 Rf4 {[%emt 0:09:54] [#]} 45. Nxd5 $1 Rbxf3+ 46. Ke2 Rf2+ 47. Kd3 R2f3+ 48. Ne3 Rxh4 49. Ra6 Rhh3 50. Ra8+ Ng8 51. Bc5 Rxh2 52. Be4 {[%emt 0:00:28] A strong pair of Bishops.} Rg3 53. Bd6 {[%emt 0:01:25] Weighted Error Value: White=0.27 (precise) /Black=0.52} 1-0

[Event "Uruguayan Championship 2022"]
[Site "Montevideo"]
[Date "2022.04.14"]
[Round "7.2"]
[White "Lopez Azambuja, Nicolas"]
[Black "Palacio, Enzo"]
[Result "1-0"]
[ECO "E97"]
[WhiteElo "2318"]
[BlackElo "1896"]
[Annotator "TA"]
[PlyCount "57"]
[EventDate "2022.04.08"]
[EventType "tourn"]
[EventCountry "URU"]
[SourceTitle "playchess.com"]
[Source "ChessBase"]
[SourceQuality "1"]
[TimeControl "40/5400+30:1800+30"]

1. d4 Nf6 2. c4 g6 3. Nc3 Bg7 4. e4 d6 5. Nf3 O-O 6. Be2 e5 7. O-O Nc6 8. d5 Ne7 9. b4 Nh5 10. Re1 f5 11. a4 {[%emt 0:00:53] E97: King's Indian: Classical Main Line (6...e5 7 0-0 Nc6): 8 Be3 and 8 d5 Ne7, not 9 Ne1.} Nf4 12. Bf1 h6 13. Bxf4 {[%emt 0:02:16] White is better.} exf4 14. e5 g5 15. Rc1 {[%emt 0:01:33] [#] &Bianco is more active.} Ng6 $146 {[%emt 0:07:49][%cal Rd6e5] [#]} ({Predecessor:} 15... g4 16. exd6 cxd6 17. Nd4 Be5 18. c5 a6 19. Ne6 Bxe6 20. dxe6 g3 21. h3 gxf2+ 22. Kxf2 {1-0 (42) Hetzer,V (2137)-Kiefer,D (2239) Germany 2004}) 16. exd6 cxd6 17. c5 a6 18. Nd4 Be5 {[%emt 0:15:25] [#]} (18... Rb8 $16 19. c6 f3 20. Nxf3 (20. gxf3 Be5 $16) 20... Qb6) 19. Ne6 $1 $18 Bxe6 20. dxe6 Ne7 (20... Bxc3 $142 21. Rxc3 d5) 21. Nd5 Nxd5 22. Qxd5 {[%emt 0:00:07] Hoping for e7+.} Qe7 23. Red1 Rfd8 24. c6 bxc6 25. Rxc6 {[%emt 0:01:04] Black must now prevent Rdc1.} a5 $2 (25... Re8 {is a better chance.} 26. Rxa6 Rxa6 27. Bxa6 Kh8) 26. Rdc1 {[%emt 0:00:56] Rc7 is the strong threat.} Re8 27. Rc7 Qf6 28. e7+ Kg7 {[%emt 0:00:45] [#]} 29. Qxa8 $1 {[%emt 0:00:25][%mdl 512] White took control after the opening.  Weighted Error Value: White=0.03 (flawless) /Black=0.79} 1-0

[Event "Uruguayan Championship 2022"]
[Site "Montevideo"]
[Date "2022.04.14"]
[Round "7.3"]
[White "Roselli Mailhe, Bernardo"]
[Black "Granara Barreto, Sebastian"]
[Result "1-0"]
[ECO "A48"]
[WhiteElo "2426"]
[BlackElo "2131"]
[Annotator "TA"]
[PlyCount "127"]
[EventDate "2022.04.08"]
[EventType "tourn"]
[EventCountry "URU"]
[SourceTitle "playchess.com"]
[Source "ChessBase"]
[SourceQuality "1"]
[TimeControl "40/5400+30:1800+30"]

1. d4 Nf6 2. Nf3 g6 3. Bg5 Bg7 4. Nbd2 O-O 5. c3 d5 6. e3 Nbd7 7. Be2 Re8 8. O-O e5 9. dxe5 Nxe5 10. h3 {[%emt 0:06:11] D03: 1 d4 d5 2 Nf3 Nf6 3 Bg5, including Torre Attack with early ...d5.} c6 11. Qb3 Qb6 {[%emt 0:03:27] [#]} 12. Qxb6 $146 {[%emt 0:05:37] The position is equal.} ({Predecessor:} 12. Nxe5 Rxe5 13. Bf4 Re8 14. a4 {½-½ (14) Ballmann,M (2401)-Kaenel,H (2395) Baden 1999}) 12... axb6 13. Nxe5 Rxe5 14. Bf4 Re8 15. a4 Ne4 16. Nxe4 Rxe4 17. Bd1 $1 Re8 18. Bc2 Be5 {[%emt 0:07:55] Prevents Bc7.} 19. Bxe5 Rxe5 20. Rfe1 Kg7 21. f3 h5 22. h4 Bf5 23. Bxf5 Rxf5 $11 {[%emt 0:02:46][%mdl 4096] Endgame KRR-KRR} 24. Kf2 Re5 25. Ra3 Re7 26. Rc1 Rae8 27. Re1 Ra8 28. Re2 Kf6 29. Rc2 Rd7 30. Ke2 c5 31. b4 c4 32. Ra1 Rd6 33. b5 Re6 34. Kf2 Rae8 35. Rd1 Ra8 ({Black should try} 35... Rxe3 $14 36. Rxd5 Rd3 37. Rxd3 cxd3) 36. Rxd5 $16 Rxa4 37. e4 Ra5 38. Ke3 Re5 39. Rxe5 (39. Rd7 $16) 39... Kxe5 {[%emt 0:00:04] KR-KR} 40. Rb2 {[%emt 0:00:40] next f4+ is good for White.} Ra3 41. f4+ Ke6 42. Kd4 {[%emt 0:03:28] Strongly threatening Rf2.} f6 $2 {[%emt 0:00:00] This costs Black the game.} (42... Rb3 $1 $11 43. Ra2 Rxb5) 43. Kxc4 Ra4+ 44. Kd3 Ra1 {[%emt 0:00:00] [#]} (44... Ra5 $16 45. Kd4 Ra4+ 46. Kd3 Ra5) 45. Re2 $1 $18 Ra4 46. g3 Ra5 {[%emt 0:00:00] [#]} 47. Kc4 Ra4+ 48. Kb3 Ra5 49. Kb4 Ra1 50. e5 Rb1+ 51. Kc4 Rd1 52. exf6+ Kxf6 53. Re5 (53. Re8 $142 {Rf8+ is the strong threat.} Rd7 54. Re4) 53... Rd7 (53... Rg1 $142) 54. Rg5 Rc7+ 55. Kb4 Re7 $2 (55... Rd7 {might work better.} 56. c4 Rd6) 56. Rd5 {[%emt 0:01:05] And now Rd6+ would win. White is clearly winning.} Re4+ 57. c4 Ke6 {[%emt 0:01:09] Prevents Rd6+.} (57... Ke7 $142 58. f5 Rg4 59. fxg6 Rxg3 60. Rxh5 Rxg6 61. Rh7+ Kd8) 58. Rd8 Ke7 59. Rb8 Re6 60. Rxb7+ Kf6 61. Rd7 Kf5 62. Rd5+ Kg4 63. Rg5+ Kf3 64. f5 {[%emt 0:00:56] Weighted Error Value: White=0.10 (very precise) /Black=0.32} 1-0